 Dungeon Crawl Stone Soup version 0.32-a0-841-g4648e6c457 (webtiles) character file.

Game seed: 15021748203823668817

1281 jjthehollowmonke the Slicer (level 8, -12/65 HPs)
             Began as a Merfolk Cinder Acolyte on Mar 26, 2024.
             Was a Follower of Ignis.
             Mangled by Prince Ribbit (16 damage)
             ... on level 5 of the Dungeon.
             The game lasted 00:18:22 (3337 turns).

jjthehollowmonke the Slicer (MfCA)                  Turns: 3337, Time: 00:18:24

Health: -12/65     AC:  7    Str: 17    XL:     8   Next: 54%
Magic:  9/9        EV: 13    Int: 13    God:    Ignis [*.....]
Gold:   198        SH:  0    Dex:  9    Spells: 6/9 levels left

rFire   + . .        t - +6 glaive (venom)
rCold   . . .        (shield currently unavailable)
rNeg    . . .        b - +0 robe
rPois   +            p - +0 helmet
rElec   .            c - +2 cloak
rCorr   .            (no gloves)
SInv    .            g - +0 pair of boots
Will    .....        h - amulet of regeneration
Stlth   ++           j - ring of poison resistance
HPRegen 1.10/turn    (no ring)
MPRegen 0.11/turn

%: no passive effects
@: studying Maces & Flails
A: (nimble swimmer 2), mertail
a: Renounce Religion, Fiery Armour, Foxfire Swarm, Rising Flame


You were on level 5 of the Dungeon.
You worshipped Ignis.
Ignis was aware of your devotion.
You visited 1 branch of the dungeon, and saw 5 of its levels.

You collected 198 gold pieces.

Inventory:

Hand Weapons
 a - a +0 short sword of flaming
 t - a +6 glaive of venom (weapon)
Missiles
 o - a throwing net
Armour
 b - a +0 robe (worn)
 c - a +2 cloak (worn)
 e - an orb of energy
 g - a +0 pair of boots (worn)
 p - a +0 helmet (worn)
Jewellery
 h - an amulet of regeneration (around neck)
 j - a ring of poison resistance (left hand)
Wands
 n - a wand of iceblast (7)
 s - a wand of flame (30)
Scrolls
 q - a scroll of noise
Potions
 d - 2 potions of might {unknown}
 f - 2 potions of enlightenment {unknown}
 i - a potion of invisibility
 k - 2 potions of degeneration
 l - a potion of heal wounds {unknown}
 m - a potion of lignification {unknown}
 r - a potion of berserk rage {unknown}


   Skills:
 + Level 6.4 Fighting
 + Level 8.0 Short Blades
 + Level 7.5 Dodging
 + Level 1.7 Stealth
 + Level 1.1 Spellcasting
 + Level 2.4 Fire Magic


You had 6 spell levels left.
You knew the following spells:

 Your Spells              Type           Power      Damage    Failure   Level
a - Scorch                Fire           14%        2d5       16%         2
b - Kiss of Death         Conj/Necr      0%         2d5       28%         1

Your spell library contained the following spells:

 Spells                   Type           Power      Damage    Failure   Level
 Confusing Touch          Hex            0%         N/A       63%         3
 Dispel Undead            Necr           0%         3d6       95%         4


Dungeon Overview and Level Annotations

Branches:
Dungeon (5/15)
 Temple: D:4-7

Altars:
Kikubaaqudgha
Nemelex Xobeh
Qazlal
Ru
Sif Muna
Trog
Uskayaw
The Shining One

Annotations:
D:5 Prince Ribbit


Innate Abilities, Weirdness & Mutations

((You are very nimble when in or above water. (Stealth+, EV+, Speed+++)))
Your lower body shifts to a powerful aquatic tail in water.


Message History

Found a bloodstained altar of Trog.
There is an ancient bone altar of Kikubaaqudgha here.
You now have 198 gold pieces (gained 14).
There is a sacrificial altar of Ru here.
Found a hide-covered altar of Uskayaw.
There is a bloodstained altar of Trog here.
Found a glowing golden altar of the Shining One.
Found a shimmering blue altar of Sif Muna.
Prince Ribbit comes into view.
Found a scroll of identify.
Found a sparkling altar of Nemelex Xobeh.
There is a shimmering blue altar of Sif Muna here.
The helpless Prince Ribbit fails to defend himself.
You slash Prince Ribbit!
Prince Ribbit is moderately wounded.
Prince Ribbit lets out a mournful croak.
Prince Ribbit hits you! Prince Ribbit hits you.
Prince Ribbit blinks!
You miss Prince Ribbit.
Prince Ribbit is moderately wounded.
Prince Ribbit hits you. Prince Ribbit hits you!
You closely miss Prince Ribbit.
Prince Ribbit is moderately wounded.
Prince Ribbit hits you but does no damage.
Prince Ribbit hits you!
You miss Prince Ribbit.
Prince Ribbit is moderately wounded.
Prince Ribbit hits you!
Prince Ribbit hops awkwardly around.
Prince Ribbit completely misses you. Prince Ribbit closely misses you.
You closely miss Prince Ribbit.
Prince Ribbit is moderately wounded.
Prince Ribbit hits you!
* * * LOW HITPOINT WARNING * * *
Prince Ribbit hits you!
* * * LOW HITPOINT WARNING * * *
You closely miss Prince Ribbit.
Prince Ribbit is moderately wounded.
Prince Ribbit barely misses you. Prince Ribbit hits you!
You die...
Ignis goes out, and joins you in death.

# ######### #.####### #...[....
#....?..## #.......# #####
#...._...######.......# #...#
#....F@_..#.......)...#
####..##########....######......#
......###.....###._.#....'......#
###...##..._...#....######).....#
###...#..ß...ß...ß..#...##.######
#.....#....#..._...####....#
#.....#._.###.....###......######
#.....#....######## #.###........
#.#####.._.....# ####.# #........


You could see Prince Ribbit.

Vanquished Creatures
  Eustachio (D:4)
  Edmund (D:5)
  Menkaure (D:5)
  Duvessa (D:5)
  2 ogres (D:5)
  A phantom (D:5)
  4 scorpions
  Dowan (D:5)
  A howler monkey (D:4)
  A hound (D:4)
  2 iguanas (D:5)
  Ijyb (D:3)
  Natasha (D:2)
  3 gnolls (D:3)
  4 adders
  A river rat (D:3)
  A white imp (D:5)
  4 ribbon worms
  2 dart slugs
  An orc (D:2)
  5 bats
  6 endoplasms
  A giant cockroach (D:2)
  5 goblins
  9 hobgoblins
  4 jackals (D:3)
  A quokka (D:1)
  A ball python (D:2)
  A frilled lizard (D:1)
  8 kobolds
  3 rats
78 creatures vanquished.

Notes
Turn   | Place    | Note
-------+----------+-------------------------------------------
     0 | D:1      | jjthehollowmonke the Merfolk Cinder Acolyte began the quest
                  | for the Orb.
     0 | D:1      | Reached XP level 1. HP: 18/18 MP: 2/2
   119 | D:1      | Reached XP level 2. HP: 5/24 MP: 3/3
   783 | D:1      | Learned a level 2 spell: Scorch
   800 | D:2      | Reached skill level 4 in Short Blades
   840 | D:2      | Reached XP level 3. HP: 26/30 MP: 4/4
  1028 | D:2      | Reached skill level 1 in Dodging
  1034 | D:2      | Noticed a scorpion
  1050 | D:2      | Killed a scorpion
  1051 | D:2      | Reached XP level 4. HP: 18/38 MP: 5/5
  1219 | D:2      | Reached XP level 5. HP: 41/43 MP: 6/6
  1253 | D:2      | Reached skill level 5 in Short Blades
  1272 | D:2      | Noticed Natasha
  1284 | D:2      | Killed Natasha
  1553 | D:3      | Identified a scroll of acquirement
  1553 | D:3      | Acquired an amulet of regeneration
  1690 | D:3      | Noticed Ijyb
  1712 | D:3      | Killed Ijyb
  1713 | D:3      | Reached skill level 5 in Fighting
  1728 | D:3      | Found a glowing drain.
  1822 | D:3      | Reached XP level 6. HP: 51/51 MP: 7/7
  2010 | D:3      | Found a faded altar of an unknown god.
  2326 | D:4      | Reached skill level 6 in Short Blades
  2351 | D:4      | Learned a level 1 spell: Kiss of Death
  2469 | D:4      | Noticed Eustachio
  2504 | D:4      | Killed Eustachio
  2505 | D:4      | Reached XP level 7. HP: 46/56 MP: 8/8
  2529 | D:4      | Reached skill level 1 in Stealth
  2641 | D:5      | Entered Level 5 of the Dungeon
  2712 | D:5      | Noticed Dowan
  2712 | D:5      | Noticed Duvessa
  2721 | D:5      | Noticed Menkaure
  2740 | D:5      | Killed Dowan
  2741 | D:5      | Reached skill level 5 in Dodging
  2748 | D:5      | Killed Duvessa
  2749 | D:5      | Reached skill level 7 in Short Blades
  2755 | D:5      | HP: 2/57 [Menkaure (18)]
  2755 | D:5      | Killed Menkaure
  2756 | D:5      | Reached XP level 8. HP: 2/64 MP: 9/9
  3052 | D:5      | Found a stormy altar of Qazlal.
  3054 | D:5      | Found an ancient bone altar of Kikubaaqudgha.
  3067 | D:5      | Noticed Edmund
  3104 | D:5      | Killed Edmund
  3105 | D:5      | Reached skill level 8 in Short Blades
  3117 | D:5      | Acquired a +6 glaive of venom
  3299 | D:5      | Found a sacrificial altar of Ru.
  3307 | D:5      | Found a bloodstained altar of Trog.
  3313 | D:5      | Found a hide-covered altar of Uskayaw.
  3321 | D:5      | Found a glowing golden altar of the Shining One.
  3323 | D:5      | Found a shimmering blue altar of Sif Muna.
  3325 | D:5      | Found a sparkling altar of Nemelex Xobeh.
  3325 | D:5      | Noticed Prince Ribbit
  3336 | D:5      | HP: 2/65 [Prince Ribbit (16)]
  3337 | D:5      | Mangled by Prince Ribbit

Illustrated notes

Levels and vault maps discovered:
D:1:      reono_arrival_forest_river, layout_rooms,
          hangedman_decor_clover_reticule, minmay_split_cup_large
D:2:      layout_basic, minmay_misc_feat_more_columns, st_stairs_4, uniq_natasha
D:3:      cheibrodos_helix_gallery, layout_basic, cheibrodos_sewer_entry_sluice,
          hellmonk_ecumenical_altar_leap_of_faith, hex_tiny, uniq_ijyb
D:4:      layout_loops_cross, minmay_manual_monstrance, uniq_eustachio
D:5:      layout_basic, nicolae_overflow_hallway_of_the_gods, uniq_edmund,
          uniq_duvessa, uniq_prince_ribbit1, uniq_menkaure, uniq_blork_the_orc,
          uniq_crazy_yiuf_cottage, uniq_pikel

Skill      XL: |  1  2  3  4  5  6  7  8 |
---------------+-------------------------+-----
Short Blades   | 4 5 6 7 8 |  8.0
Fighting       | 4 5 6 |  6.4
Dodging        | 1 2 4 6 7 |  7.5
Stealth        | 1 |  1.7
Spellcasting   | |  1.1
Fire Magic     | |  2.4

Action                     |  1- 3 |  4- 6 |  7- 9 || total
---------------------------+-------+-------+-------++-------
  Melee: Short sword       |    99 |   217 |   152 ||   468
         Glaive            |       |       |     7 ||     7
 Invoke: Fiery Armour      |     3 |     4 |     4 ||    11
    Use: Scroll            |    10 |     7 |     1 ||    18
         Potion            |       |     1 |     4 ||     5
   Stab: Sleeping          |       |       |     1 ||     1
 Armour: Robe              |    85 |   160 |    87 ||   332
  Dodge: Dodged            |    56 |   176 |    79 ||   311

Table legend: (Time is in decaauts)
 A = Elapsed time spent in this place.
 B = Non-inter-level travel time spent in this place.
 C = Inter-level travel time spent in this place.
 D = Time resting spent in this place.
 E = Time spent auto-exploring this place.
 F = Levels seen in this place.
 G = Mean time per level.
                   A        B        C        D        E       F      G
               +--------+--------+--------+--------+--------+-----+--------+
         Total |   3200 |   3195 |      5 |      0 |      0 |   5 |  640.0 |
       Dungeon |   3200 |   3195 |      5 |      0 |      0 |   5 |  640.0 |
               +--------+--------+--------+--------+--------+-----+--------+

Top non-repeatable levels by time:
     D:1: 764 daAuts
     D:3: 757 daAuts
     D:2: 668 daAuts
     D:5: 649 daAuts
     D:4: 360 daAuts
